 Dungeon Crawl Stone Soup version 0.23-a0-359-g9beedce (webtiles) character file.

12803 iamserjio the Nimble (level 11, -1/74 HPs)
             Began as an Octopode Wanderer on Oct 23, 2018.
             Was a High Priest of Hepliaklqana.
             Shot with an arrow by a centaur (18 damage)
             ... on level 11 of the Dungeon.
             The game lasted 00:45:40 (16364 turns).

iamserjio the Nimble (Octopode Wanderer)           Turns: 16364, Time: 00:45:41

Health: -1/74      AC:  1    Str: 14    XL:     11   Next: 99%
Magic:  15/15      EV: 22    Int: 14    God:    Hepliaklqana [*****.]
Gold:   600        SH:  0    Dex: 17    Spells: 16/16 levels left

rFire    . . .     SeeInvis .   T - +2 spear (flame)
rCold    . . .     Gourm    .   (no shield)
rNeg     . . .     Faith    .   (helmet restricted)
rPois    .         Spirit   .   Q - amulet of magic regeneration
rElec    .         Reflect  .   y - +4 ring of dexterity
rCorr    .         Harm     .   (no ring)
MR       .....                  (no ring)
Stlth    ++++......             (no ring)
HPRegen  0.22/turn              (no ring)
MPRegen  0.39/turn              (no ring)
                                (no ring)
                                (no ring)

@: no status effects
A: almost no armour, stealthy swim, amphibious, 8 rings, constrict 8, reduced
essence, camouflage 1, gelatinous body 1
a: Recall Ancestor, Ancestor Identity, Transference, Idealise, Renounce Religion


You were on level 11 of the Dungeon.
You worshipped Hepliaklqana.
Hepliaklqana was extremely pleased with you.
You were hungry.

You visited 1 branch of the dungeon, and saw 11 of its levels.
You also visited: Ossuary.

You collected 600 gold pieces.

Inventory:

Hand Weapons
 b - a +2 blowgun
 h - a +2 dagger of pain
 l - a +1 dagger of protection
 B - a +0 dagger of draining
 J - a +0 flail of pain
 N - a +3 flail of crushing
 O - a +0 trident
 R - a +0 short sword of holy wrath
 T - a +2 spear of flaming (weapon)
 U - a +0 dagger of venom
Missiles
 a - 2 curare-tipped needles {!f}
 j - 10 tomahawks (quivered)
 m - 6 needles of sleeping
 v - 25 poisoned needles
 x - 12 sling bullets
 K - 237 arrows
Jewellery
 k - an uncursed ring of fire
 y - a +4 ring of dexterity (left tentacle)
 Q - an amulet of magic regeneration (around mantle)
Wands
 d - a wand of flame (9)
 i - a wand of paralysis (4)
 S - a wand of polymorph (6)
Scrolls
 g - 4 scrolls of amnesia
 n - 3 scrolls of fog
 u - 5 scrolls of blinking
 z - 3 scrolls of enchant weapon {unknown}
 C - a scroll of immolation {unknown}
 F - 3 scrolls of teleportation {unknown}
 G - a scroll of noise
 H - a scroll of magic mapping
 I - 7 scrolls of remove curse {@r2}
 P - 2 scrolls of enchant armour
Potions
 c - 6 potions of lignification
 e - a potion of berserk rage {unknown}
 o - a potion of cancellation {unknown}
 p - 2 potions of curing {@q1}
 q - 3 potions of resistance
 r - 3 potions of mutation
 s - 2 potions of haste
 t - 3 potions of might
 w - a potion of invisibility {unknown}
 A - a potion of magic {unknown}
 D - a potion of heal wounds {unknown}
 E - 5 potions of flight
 L - 3 potions of brilliance
Comestibles
 f - 17 rations


   Skills:
 + Level 11.0 Fighting
 - Level 2.0 Short Blades
   Level 1.0(5.0) Axes
 * Level 7.9 Polearms
 - Level 1.0 Throwing
 + Level 12.4 Dodging
 - Level 5.3 Stealth
 + Level 3.0 Spellcasting


You had 16 spell levels left.
You didn't know any spells.
Your spell library contained the following spells:

 Spells                   Type           Power        Failure   Level  Hunger
 Corona                   Hex            #......      22%         1    #......
 Ensorcelled Hibernation  Hex/Ice        #.....       32%         2    ##.....
 Confuse                  Hex            #.......     54%         3    ###....
 Dazzling Spray           Conj/Hex       #.....       54%         3    ###....
 Tukima's Dance           Hex            #.......     54%         3    ###....
 Cause Fear               Hex            #.........   91%         4    #####..
 Silence                  Hex/Air        #.........   99%         5    ######.
 Yara's Violent Unravell  Hex/Tmut       #.........   99%         5    ######.
 Deflect Missiles         Chrm/Air       #.........   100%        6    #######
 Discord                  Hex            #.........   100%        8    #######


Dungeon Overview and Level Annotations

Branches:
Dungeon (11/15)            Temple (0/1) D:5            Lair (0/6) D:8
    Orc (0/2) D:9

Altars:
Ashenzari
Hepliaklqana
Kikubaaqudgha
Qazlal
Trog
Vehumet
Xom
Zin

Shops:
D:5 :   D:6 [   D:7 (   D:8 (   D:10 [   D:11 :

Annotations:
D:9 exclusions: fire crab and wolf spider


Innate Abilities, Weirdness & Mutations

You cannot wear most types of armour.
You are very stealthy in the water. (Stealth+)
You are amphibious.
You can wear up to eight rings at the same time.
You can use your tentacles to constrict eight enemies at once.
Your skin changes colour to match your surroundings (Stealth+).
Your rubbery body absorbs attacks. (AC +1, EV +1)
Your life essence is reduced to manifest your ancestor. (-10% HP)


Message History

You kill the ice beast!
All of the chunks of flesh in your inventory have rotted away.
The electric eel shoots out a bolt of lightning at you!
The bolt of electricity misses you.
Found a stone staircase leading up.
You hear the frantic ticking of a distant clock.
The electric eel shoots out a bolt of lightning at you!
The bolt of electricity hits you!
A centaur comes into view. It is wielding a +0 quarterstaff.
The centaur drinks a potion.
The centaur seems to speed up.
The centaur unwields a +0 quarterstaff.
The centaur wields a +0 shortbow.
The centaur shoots an arrow.
The arrow closely misses you.
The centaur shoots an arrow.
The arrow barely misses you.
Aiming: Polymorph
Aim: a centaur, wielding a +0 shortbow (fast, chance to defeat MR: 46%)
The centaur resists with some effort.
The centaur shoots an arrow.
The arrow hits you!
* * * LOW HITPOINT WARNING * * *
The centaur shoots an arrow.
The arrow hits you!!
You die...

*...#*≈≈≈≈≈≈≈≈≈≈≈≈
#...#*≈≈≈≈≈≈≈≈≈≈≈≈
####.c.#≈≈≈≈≈≈≈≈≈≈≈≈≈
#......#≈≈**≈≈≈≈≈≈≈≈≈
#......#≈****≈≈≈≈≈≈≈≈
#......#,*##≈≈≈≈≈≈≈≈≈
#......#**#.≈≈≈≈≈≈≈≈≈
#..R...# *#≈≈≈≈≈≈≈≈≈
#...@..# ###;≈≈≈≈≈≈≈≈
#.(.(..###≈≈≈≈≈≈≈....
#......#≈≈≈≈≈........
#....................
#....................
#.......###########..
##......#,,,,,,,,,#..
#......#,********###
#......#,*,,*,*,,**,


You could see the friendly :> the knight and a centaur.

Vanquished Creatures
  A gargoyle (D:10)
  Prince Ribbit (D:9)
  2 wyverns
  Sigmund (D:2)
  A spriggan (D:7)
  A wraith (D:10)
  A yak (D:9)
  A fire bat (D:6)
  Menkaure (D:4)
  Edmund (D:6)
  A water moccasin (D:9)
  An acid dragon (D:11)
  10 ice beasts
  5 orc warriors
  3 sky beasts (D:10)
  A black bear (D:10)
  An eye of draining (D:10)
  An ogre (D:4)
  A phantom (D:6)
  A centaur (D:6)
  A wolf (D:8)
  2 elf zombies (Ossuary)
  A big kobold (D:9)
  7 bullfrogs
  A gnoll sergeant (D:8)
  3 scorpions
  3 killer bees
  6 wights
  6 crimson imps
  A centaur zombie (D:11)
  3 hounds
  3 orc priests
  2 centaur skeletons
  2 jellies
  7 worker ants
  A bullfrog skeleton (D:4)
  Natasha (twice) (D:3)
  3 iguanas
  5 orc wizards
  3 big kobold zombies (Ossuary)
  3 hound zombies
  A hound skeleton (D:6)
  4 mummies (Ossuary)
  A howler monkey skeleton (D:4)
  15 adders
  5 gnolls
  A shadow imp (D:8)
  An adder zombie (Ossuary)
  5 worms
  4 dart slugs
  2 leopard geckos
  27 orcs
  6 bats
  6 giant cockroaches
  6 hobgoblins
  15 jackals
  18 kobolds
  4 quokkas
  6 frilled lizards
  4 goblins
  A quokka skeleton (D:5)
  6 rats
  A rat zombie (Ossuary)
240 creatures vanquished.

Vanquished Creatures (collateral kills)
  2 two-headed ogres
  Maurice (D:8)
  A hippogriff (D:9)
  A wraith (D:11)
  Eustachio (D:6)
  Grum (D:8)
  4 yaks (D:9)
  A hungry ghost (D:11)
  A water moccasin (D:3)
  12 ice beasts (D:11)
  2 black bears (D:10)
  2 phantoms
  3 wolves (D:8)
  An ogre (D:4)
  3 centaurs (D:6)
  A big kobold (D:11)
  A killer bee (D:8)
  2 wights (D:7)
  A centaur zombie (D:5)
  2 human zombies (Ossuary)
  A hound (D:11)
  An orc priest (D:8)
  A centaur skeleton (D:4)
  7 orc wizards
  Natasha (D:3)
  A worker ant (D:5)
  4 gnolls
  3 adders
  An adder zombie (Ossuary)
  13 orcs
  A giant cockroach (D:3)
  2 jackals (D:4)
  A frilled lizard (D:3)
  A hobgoblin zombie (Ossuary)
  3 kobolds
84 creatures vanquished.

Vanquished Creatures (others)
  5 knights
  An ancestor (D:5)
6 creatures vanquished.

Grand Total: 330 creatures vanquished

Notes
Turn   | Place    | Note
-------+----------+-------------------------------------------
     0 | D:1      | iamserjio the Octopode Wanderer began the quest for the
                  | Orb.
     0 | D:1      | iamserjio set off with: 2 curare-tipped needles {!f}, a +2
                  | blowgun, a potion of lignification, a +0 short sword, a +0
                  | dagger, a ration
     0 | D:1      | Reached XP level 1. HP: 14/14 MP: 1/1
   405 | D:1      | Reached skill level 1 in Dodging
   434 | D:1      | Reached XP level 2. HP: 19/19 MP: 2/2
   744 | D:1      | Reached skill level 2 in Dodging
   744 | D:1      | Reached XP level 3. HP: 19/25 MP: 3/3
  1461 | D:2      | Reached XP level 4. HP: 30/30 MP: 4/4
  1478 | D:2      | Found a hazy altar of Hepliaklqana.
  1484 | D:2      | Reached skill level 3 in Dodging
  1486 | D:2      | Became a worshipper of Hepliaklqana the Forgotten
  1645 | D:2      | Found an ancient bone altar of Kikubaaqudgha.
  1646 | D:2      | Found a glowing silver altar of Zin.
  1646 | D:2      | Found a shattered altar of Ashenzari.
  1646 | D:2      | Noticed Sigmund
  1646 | D:2      | Noticed Natasha
  1765 | D:3      | Found a bloodstained altar of Trog.
  1766 | D:3      | Found a radiant altar of Vehumet.
  2004 | D:3      | Reached XP level 5. HP: 32/32 MP: 5/5
  2199 | D:3      | Reached skill level 4 in Dodging
  2228 | D:3      | Noticed a water moccasin
  2228 | D:3      | Noticed a phantom
  2247 | D:3      | Killed a water moccasin
  2247 | D:3      | Reached XP level 6. HP: 38/38 MP: 6/6
  2270 | D:3      | Killed a phantom
  2270 | D:3      | Reached skill level 5 in Dodging
  2883 | D:4      | Reached XP level 7. HP: 43/43 MP: 7/7
  2968 | D:4      | Reached skill level 6 in Dodging
  3108 | D:4      | Reached * piety under Hepliaklqana
  3581 | D:4      | Noticed Menkaure
  3600 | D:4      | Killed Menkaure
  3600 | D:4      | Reached skill level 5 in Fighting
  3600 | D:4      | Reached skill level 7 in Dodging
  3811 | D:4      | Reached XP level 8. HP: 30/49 MP: 8/8
  4486 | D:3      | Killed Natasha
  4531 | D:2      | Killed Sigmund
  4617 | D:3      | Noticed Natasha
  4628 | D:3      | Killed Natasha
  4754 | D:3      | Noticed Natasha
  4761 | D:3      | Killed Natasha
  4761 | D:3      | Reached skill level 8 in Dodging
  5021 | D:3      | Found a bloodstained altar of Trog.
  5022 | D:3      | Found a radiant altar of Vehumet.
  5238 | D:5      | Entered Level 5 of the Dungeon
  5773 | D:5      | Reached ** piety under Hepliaklqana
  5774 | D:5      | Remembered your ancestor :> as a knight
  5989 | D:5      | Found a staircase to the Ecumenical Temple.
  6197 | D:5      | Found Jiaxomp's Book Emporium.
  6604 | D:6      | Found Kinuciz's Armour Boutique.
  6629 | D:6      | Noticed Edmund
  6644 | D:6      | Killed Edmund
  6765 | D:6      | Reached skill level 9 in Dodging
  7271 | D:6      | Reached XP level 9. HP: 29/56 MP: 9/9
  7292 | D:6      | Reached skill level 1 in Polearms
  7581 | D:6      | Noticed Eustachio
  7586 | D:6      | Killed Eustachio
  8229 | D:7      | Found a sand-covered staircase.
  8250 | Ossuary  | Entered an ossuary
  8255 | Ossuary  | Reached *** piety under Hepliaklqana
  9140 | D:7      | Reached skill level 10 in Dodging
  9696 | D:7      | Found Qaugut's Weapon Shop.
 10448 | D:8      | Reached XP level 10. HP: 53/63 MP: 10/10
 10575 | D:8      | Found Redara's Antique Weapon Emporium.
 10715 | D:8      | Noticed Grum
 10842 | D:8      | Killed Grum
 10842 | D:8      | Reached skill level 11 in Dodging
 11777 | D:8      | Found a staircase to the Lair.
 11788 | D:8      | Noticed Maurice
 11804 | D:8      | Killed Maurice
 13632 | D:9      | Found a shimmering altar of Xom.
 13632 | D:9      | Noticed a wolf spider
 13633 | D:9      | Noticed a fire crab
 13683 | D:9      | Reached **** piety under Hepliaklqana
 13956 | D:9      | Reached skill level 10 in Fighting
 14070 | D:9      | Found a staircase to the Orcish Mines.
 14247 | D:9      | Noticed Prince Ribbit
 14252 | D:9      | Killed Prince Ribbit
 14382 | D:9      | Noticed a two-headed ogre
 14394 | D:9      | Killed a two-headed ogre
 14394 | D:9      | Reached skill level 5 in Polearms
 14394 | D:9      | Reached XP level 11. HP: 72/72 MP: 11/11
 14777 | D:10     | Entered Level 10 of the Dungeon
 14850 | D:10     | Found a stormy altar of Qazlal.
 14943 | D:10     | Reached skill level 12 in Dodging
 15066 | D:10     | Found Onuar's Armour Shop.
 15602 | D:10     | Reached ***** piety under Hepliaklqana
 15619 | D:10     | Reached skill level 1 in Spellcasting
 15898 | D:11     | Found Omybel's Book Shop.
 15972 | D:11     | Noticed a two-headed ogre
 16005 | D:11     | Killed a two-headed ogre
 16364 | D:11     | Shot with an arrow by a centaur

Vault maps used:
D:1:      tarquinn_simple_flora_water_b
D:2:      nicolae_overflow_hidden_temple, old_standard_altar, uniq_sigmund,
          uniq_natasha
D:3:      gammafunk_temple_overflow_pools, first_ration, minmay_divided_ellipse
D:4:      uniq_menkaure
D:5:      temple_fountains, serial_shops, shop
D:6:      serial_shops, shop, centaur_isle, uniq_eustachio, uniq_edmund
D:7:      serial_shops, shop, enter_ossuary_1, the_bakery
D:8:      lair_entry_dummy, serial_shops, kennysheep_little_box, uniq_grum,
          uniq_maurice
D:9:      orc_0_dummy, supply_closet_lemuel, jmf_multi_god_temple,
          uniq_prince_ribbit1
D:10:     basic_altar, serial_shops, kennysheep_mini, minmay_misc_feat_columns
D:11:     minmay_twisted_water, serial_shops, shop, lab_entry_generic,
          tgw_fedhas
Ossuary:  ossuary_minmay_tomb_2a

Skill      XL: |  1  2  3  4  5  6  7  8  9 10 11 |
---------------+----------------------------------+-----
Dodging        | 1 2 3 4 5 7 9 10 11 12 | 12.4
Fighting       | 3 4 5 6 7 10 11 | 11.0
Polearms       | 4 5 7 |  7.9
Spellcasting   | 3 |  3.0
Short Blades   | |  2.0
Axes           | |  1.0
Throwing       | |  1.0
Stealth        | |  5.3

Action                   |  1- 3 |  4- 6 |  7- 9 | 10-12 || total
-------------------------+-------+-------+-------+-------++-------
Melee: Short sword       |    12 |       |       |       ||    12
       Constrict         |    12 |    17 |    72 |    53 ||   154
       Tentacles         |     6 |    15 |    76 |   102 ||   199
       Dagger            |    40 |    67 |   310 |   122 ||   539
       Unarmed           |       |    18 |       |       ||    18
       Trident           |       |       |       |    32 ||    32
       Spear             |       |       |       |   302 ||   302
 Fire: Blowgun           |     2 |       |     7 |     5 ||    14
       Hunting sling     |       |       |    26 |       ||    26
Invok: Recall Ancestor   |       |     1 |     6 |     7 ||    14
       Ancestor Identity |       |     1 |       |       ||     1
       Ancestor Life: Kn |       |       |     1 |       ||     1
Evoke: Wand              |       |       |       |    18 ||    18
  Use: Potion            |       |     1 |     1 |     3 ||     5
       Scroll            |       |     1 |     7 |    10 ||    18
 Stab: Sleeping          |    12 |    19 |    14 |    18 ||    63
       Distracted        |       |     1 |     3 |     9 ||    13
       Paralysed         |       |       |       |    12 ||    12
  Eat: Chunk             |     2 |     3 |    15 |    11 ||    31
       Ration            |       |       |     3 |     2 ||     5
Armor: Skin              |     5 |    26 |     5 |    11 ||    47
Dodge: Dodged            |    28 |    32 |   222 |   218 ||   500

Table legend:
 A = Non-vault XP
 B = Vault XP
 C = Vault XP percentage of total XP
 D = Non-vault monster count
 E = Vault monster count
 F = Vault count percentage of total count
                 A         B        C        D         E       F
            +---------+---------+-------+---------+---------+-------
      Total |   12075 |    6216 |  34.0 |     258 |      66 |  20.4
            +---------+---------+-------+---------+---------+-------
        D:1 |      44 |       0 |   0.0 |      17 |       0 |   0.0
        D:2 |      83 |     212 |  71.9 |      22 |       1 |   4.3
        D:3 |     177 |     358 |  66.9 |      26 |      14 |  35.0
        D:4 |     583 |     183 |  23.9 |      20 |       1 |   4.8
        D:5 |     351 |       0 |   0.0 |      23 |       0 |   0.0
        D:6 |     485 |    1031 |  68.0 |       8 |       8 |  50.0
        D:7 |    1036 |     211 |  16.9 |      22 |       1 |   4.3
        D:8 |     938 |    1120 |  54.4 |      31 |       6 |  16.2
        D:9 |    2827 |     291 |   9.3 |      28 |       1 |   3.4
       D:10 |    2424 |       0 |   0.0 |      29 |       0 |   0.0
       D:11 |    3127 |    2349 |  42.9 |      32 |      18 |  36.0
    Ossuary |       0 |     461 | 100.0 |       0 |      16 | 100.0
            +---------+---------+-------+---------+---------+-------
